 Dungeon Crawl Stone Soup version 0.24-a0-545-gd1b266bae6 (webtiles) character file.

Game seed: 10770730223597608394

701847 Peloso the Minotaur Barricade (level 27, -6/245 HPs)
             Began as a Minotaur Fighter on Aug 17, 2019.
             Was the Champion of Okawaru.
             Killed from afar by a Tzitzimitl (26 damage)
             ... with a bolt of negative energy
             ... in Pandemonium on Aug 18, 2019.
             The game lasted 05:07:26 (87961 turns).

Peloso the Minotaur Barricade (Minotaur Fighter)   Turns: 87961, Time: 05:07:27

Health: -6/245     AC: 39    Str: 36    XL:     27
Magic:  9/25       EV: 22    Int:  7    God:    Okawaru [******]
Gold:   6817       SH: 44    Dex: 17    Spells: 26/26 levels left

rFire    + . .     SeeInvis +   o - +9 double sword (vamp)
rCold    + . .     Gourm    .   H - +10 large shield of Ignorance {rN+ Int-4}
rNeg     + . .     Faith    .   E - +10 plate armour of the Little Devil {rF+ rC+ Stlth+}
rPois    +         Spirit   .   w - +2 hat {MR+}
rElec    +         Reflect  +   t - scarf {cloud immunity}
rCorr    +         Harm     .   I - +3 pair of gauntlets of War {Slay+5}
MR       +++++                  j - -2 pair of boots "Feomaos" {MR+ Str+4 Int+4 Dex+3}
Stlth    ..........             O - amulet "Asoimunt" {Reflect rElec rPois Slay+2 SH+5}
HPRegen  0.00/turn              v - ring of resist corrosion
MPRegen  0.19/turn              c - ring of Ujas {Int+4 SInv}

@: lightly drained
A: retaliatory headbutt, horns 2, dopey 1, frail 1, magic resistance 1, sense
surroundings 1, inhibited regeneration, strong 1, subdued magic 2
}: 4/15 runes: decaying, slimy, silver, gossamer
a: Heroism, Finesse, Renounce Religion


You were in Pandemonium.
You worshipped Okawaru.
Okawaru was exalted by your worship.
You were very hungry.

You visited 13 branches of the dungeon, and saw 58 of its levels.
You visited Pandemonium 1 time, and saw 1 of its levels.
You also visited: Trove, Sewer, Ossuary, Gauntlet and Wizlab.

You collected 9854 gold pieces.
You spent 3037 gold pieces at shops.

Inventory:

Hand Weapons
 a - the +8 double sword "Baddanno" {antimagic, rElec rN+ Int-3 Dex+9}
   (Okawaru gifted it to you on level 2 of the Spider Nest)

   It reduces the magical energy of the wielder, and disrupts the spells and
   magical abilities of those hit.
   Natural abilities and divine invocations are not affected.
   It affects your intelligence (-3).
   It affects your dexterity (+9).
   It insulates you from electricity.
   It protects you from negative energy.
 b - the +8 falchion "Digikun" {holy, -Tele rF+ Dex+9}
   (You took it off a centaur warrior on level 4 of the Depths)

   It has been blessed by the Shining One to cause great damage to the undead
   and demons.
   It affects your dexterity (+9).
   It protects you from fire.
   It prevents most forms of teleportation.
 o - a +9 vampiric double sword (weapon)
Armour
 h - the +5 pair of gloves of Hamu {-Cast rElec rPois rCorr Stlth+}
   (You bought it in a shop on level 1 of the Depths)

   It insulates you from electricity.
   It protects you from poison.
   It prevents spellcasting.
   It provides partial protection from all sources of acid and corrosion.
   It makes you more stealthy.
 j - the -2 pair of boots "Feomaos" (worn) {MR+ Str+4 Int+4 Dex+3}
   (You found it in a treasure trove)

   It affects your strength (+4).
   It affects your intelligence (+4).
   It affects your dexterity (+3).
   It affects your resistance to hostile enchantments.
 t - a scarf of cloud immunity (worn)
 w - a +2 hat of magic resistance (worn)
 E - the +10 plate armour of the Little Devil (worn) {rF+ rC+ Stlth+}
   (You found it in a treasure trove)

   It protects you from fire.
   It protects you from cold.
   It makes you more stealthy.
 H - the +10 large shield of Ignorance (worn) {rN+ Int-4}
   (You found it in a treasure trove)

   It affects your intelligence (-4).
   It protects you from negative energy.
 I - the +3 pair of gauntlets of War (worn) {Slay+5}
   (You found it in a treasure trove)

   It affects your accuracy and damage with ranged weapons and melee attacks
   (+5).
 K - a scarf of resistance
Jewellery
 c - the ring of Ujas (right hand) {Int+4 SInv}
   (You acquired it on level 3 of the Depths)

   [ring of see invisible]

   It affects your intelligence (+4).
   It lets you see invisible.
 v - a ring of resist corrosion (left hand)
 y - the amulet of Dim Light {Gourm MP+9}
   (You took it off Frederick on level 5 of the Depths)

   [amulet of the gourmand]

   It allows you to eat raw meat even when not hungry.
   It affects your magic capacity (+9).
 z - the ring "Piwkeaqi" {rN+ Str+2}
   (You took it off a deep elf high priest on level 5 of the Depths)

   [ring of positive energy]

   It affects your strength (+2).
   It protects you from negative energy.
 N - the amulet of the Four Winds {rN+ MR+++ Clar}
   (You found it on level 3 of the Elven Halls)

   [amulet of nothing]

   It protects you from negative energy.
   It affects your resistance to hostile enchantments.
   It protects you against confusion.
 O - the amulet "Asoimunt" (around neck) {Reflect rElec rPois Slay+2 SH+5}
   (You found it in a Gauntlet)

   [amulet of reflection]

   It shields you and reflects attacks.
   It affects your accuracy and damage with ranged weapons and melee attacks
   (+2).
   It insulates you from electricity.
   It protects you from poison.
   It affects your SH (+5).
 U - an uncursed ring of see invisible
Scrolls
 e - 30 scrolls of remove curse
 i - 22 scrolls of teleportation
 k - 8 scrolls of blinking
 u - 15 scrolls of fear
 F - 6 scrolls of noise
 G - 3 scrolls of identify
 J - a scroll of summoning
 X - 9 scrolls of magic mapping
Potions
 d - 13 potions of might
 m - 3 potions of heal wounds
 n - 23 potions of curing
 r - 9 potions of agility
 s - 10 potions of haste
 L - 3 potions of berserk rage
 P - a potion of mutation
 R - a potion of resistance
 Z - 5 potions of flight
Comestibles
 f - 85 rations


   Skills:
 O Level 27(26.3) Fighting
 O Level 27(26.3) Long Blades
   Level 1.0(0.6) Maces & Flails
 O Level 27(26.3) Armour
 + Level 19.3(18.8) Dodging
 + Level 5.5(5.1) Stealth
 O Level 27(26.3) Shields
 + Level 4.1(3.7) Invocations
   Level 2.0(1.7) Evocations


You had 26 spell levels left.
You didn't know any spells.
Your spell library contained the following spells:

 Spells                   Type           Power        Failure   Level  Hunger
 Animate Skeleton         Necr           N/A          67%         1    ##.....
 Apportation              Tloc           #.....       67%         1    ##.....
 Beastly Appendage        Tmut           #.....       67%         1    ##.....
 Confusing Touch          Hex            #.....       67%         1    ##.....
 Corona                   Hex            #......      67%         1    ##.....
 Flame Tongue             Conj/Fire      #....        67%         1    ##.....
 Freeze                   Ice            #...         67%         1    ##.....
 Infusion                 Chrm           #...         67%         1    ##.....
 Magic Dart               Conj           #...         67%         1    ##.....
 Pain                     Necr           #...         67%         1    ##.....
 Sandblast                Erth           #.....       67%         1    ##.....
 Shock                    Conj/Air       #...         67%         1    ##.....
 Summon Small Mammal      Summ           #...         67%         1    ##.....
 Call Imp                 Summ           #.......     80%         2    ###....
 Corpse Rot               Necr           N/A          80%         2    ###....
 Ensorcelled Hibernation  Hex/Ice        #.....       80%         2    ###....
 Passwall                 Tmut/Erth      #.......     80%         2    ###....
 Poisonous Vapours        Pois/Air       #.....       80%         2    ###....
 Searing Ray              Conj           #.....       80%         2    ###....
 Shroud of Golubria       Chrm/Tloc      #.....       80%         2    ###....
 Slow                     Hex            #.......     80%         2    ###....
 Song of Slaying          Chrm           #.......     80%         2    ###....
 Sticks to Snakes         Tmut           #.......     80%         2    ###....
 Sublimation of Blood     Necr           #.........   80%         2    ###....
 Swiftness                Chrm/Air       #.......     80%         2    ###....
 Throw Flame              Conj/Fire      #.....       80%         2    ###....
 Throw Frost              Conj/Ice       #.....       80%         2    ###....
 Call Canine Familiar     Summ           #.......     96%         3    ####...
 Confuse                  Hex            #.......     96%         3    ####...
 Conjure Flame            Conj/Fire      #.......     96%         3    ####...
 Dazzling Spray           Conj/Hex       #.....       96%         3    ####...
 Gell's Gravitas          Tloc           #.........   96%         3    ####...
 Ignite Poison            Fire/Tmut/Pois #.......     96%         3    ####...
 Inner Flame              Hex/Fire       #.......     96%         3    ####...
 Mephitic Cloud           Conj/Pois/Air  #.......     96%         3    ####...
 Ozocubu's Armour         Chrm/Ice       #.......     96%         3    ####...
 Portal Projectile        Hex/Tloc       #.....       96%         3    ####...
 Recall                   Summ/Tloc      N/A          96%         3    ####...
 Regeneration             Chrm/Necr      #.........   96%         3    ####...
 Spectral Weapon          Hex/Chrm       #.......     96%         3    ####...
 Spider Form              Tmut/Pois      #.........   96%         3    ####...
 Static Discharge         Conj/Air       #.......     96%         3    ####...
 Stone Arrow              Conj/Erth      #.....       96%         3    ####...
 Summon Guardian Golem    Hex/Summ       #.......     96%         3    ####...
 Tukima's Dance           Hex            #.......     96%         3    ####...
 Vampiric Draining        Necr           #.........   96%         3    ####...
 Airstrike                Air            #.........   100%        4    #####..
 Animate Dead             Necr           N/A          100%        4    #####..
 Cause Fear               Hex            #.........   100%        4    #####..
 Force Lance              Conj/Tloc      #.......     100%        4    #####..
 Fulminant Prism          Conj/Hex       #.........   100%        4    #####..
 Ice Form                 Ice/Tmut       #.......     100%        4    #####..
 Iskenderun's Mystic Bla  Conj           #.......     100%        4    #####..
 Leda's Liquefaction      Hex/Erth       #.........   100%        4    #####..
 Passage of Golubria      Tloc           N/A          100%        4    #####..
 Petrify                  Tmut/Erth      #.......     100%        4    #####..
 Sticky Flame             Conj/Fire      #.......     100%        4    #####..
 Summon Ice Beast         Ice/Summ       #.......     100%        4    #####..
 Summon Lightning Spire   Summ/Air       #.......     100%        4    #####..
 Throw Icicle             Conj/Ice       #.......     100%        4    #####..
 Agony                    Necr           #.......     100%        5    ######.
 Alistair's Intoxication  Tmut/Pois      #.......     100%        5    ######.
 Aura of Abjuration       Summ           #.........   100%        5    ######.
 Blade Hands              Tmut           #.........   100%        5    ######.
 Bolt of Draining         Conj/Necr      #.........   100%        5    ######.
 Bolt of Magma            Conj/Fire/Erth #.........   100%        5    ######.
 Dispel Undead            Necr           #.......     100%        5    ######.
 Excruciating Wounds      Chrm/Necr      #.........   100%        5    ######.
 Fireball                 Conj/Fire      #.........   100%        5    ######.
 Irradiate                Conj/Tmut      #.........   100%        5    ######.
 Iskenderun's Battlesphe  Conj/Chrm      #.......     100%        5    ######.
 Lee's Rapid Deconstruct  Erth           #.........   100%        5    ######.
 Lightning Bolt           Conj/Air       #.........   100%        5    ######.
 Metabolic Englaciation   Hex/Ice        #.........   100%        5    ######.
 Silence                  Hex/Air        #.........   100%        5    ######.
 Summon Demon             Summ           #.........   100%        5    ######.
 Summon Forest            Summ/Tloc      #.........   100%        5    ######.
 Summon Mana Viper        Hex/Summ       #.......     100%        5    ######.
 Venom Bolt               Conj/Pois      #.........   100%        5    ######.
 Yara's Violent Unravell  Hex/Tmut       #.........   100%        5    ######.
 Bolt of Cold             Conj/Ice       #.........   100%        6    #######
 Bolt of Fire             Conj/Fire      #.........   100%        6    #######
 Conjure Ball Lightning   Conj/Air       #.........   100%        6    #######
 Darkness                 Hex            #.........   100%        6    #######
 Death Channel            Necr           #.........   100%        6    #######
 Deflect Missiles         Chrm/Air       #.........   100%        6    #######
 Freezing Cloud           Conj/Ice/Air   #.........   100%        6    #######
 Hydra Form               Tmut           #.........   100%        6    #######
 Invisibility             Hex            #.......     100%        6    #######
 Iron Shot                Conj/Erth      #.........   100%        6    #######
 Ozocubu's Refrigeration  Ice            #.........   100%        6    #######
 Poison Arrow             Conj/Pois      #.........   100%        6    #######
 Shadow Creatures         Summ           N/A          100%        6    #######
 Simulacrum               Ice/Necr       #.........   100%        6    #######
 Statue Form              Tmut/Erth      #........    100%        6    #######
 Dragon Form              Tmut           #.........   100%        7    #######
 Orb of Destruction       Conj           #.........   100%        7    #######
 Ring of Flames           Chrm/Fire      #.........   100%        7    #######
 Spellforged Servitor     Conj/Summ      #.........   100%        7    #######
 Chain Lightning          Conj/Air       #.........   100%        8    #######
 Discord                  Hex            #.........   100%        8    #######
 Ignition                 Fire           #.........   100%        8    #######
 Lehudib's Crystal Spear  Conj/Erth      #.........   100%        8    #######
 Necromutation            Tmut/Necr      #.........   100%        8    #######
 Dragon's Call            Summ           #.........   100%        9    #######
 Fire Storm               Conj/Fire      #.........   100%        9    #######
 Glaciate                 Conj/Ice       #.........   100%        9    #######
 Tornado                  Air            #.........   100%        9    #######


Dungeon Overview and Level Annotations

Branches:
Dungeon (15/15)            Temple (1/1) D:6            Lair (6/6) D:10
  Swamp (4/4) Lair:3       Spider (4/4) Lair:3        Slime (5/5) Lair:6
    Orc (2/2) D:9             Elf (3/3) Orc:2        Vaults (5/5) D:14
  Crypt (3/3) Vaults:3       Tomb (0/3) Crypt:3      Depths (5/5) D:15
   Hell (1/1)                 Dis (0/7) Hell            Geh (0/7) Hell
    Coc (0/7) Hell            Tar (0/7) Hell            Zot (4/5) Depths:5

Altars:
Ashenzari
Cheibriados
Elyvilon
Fedhas
Gozag
Hepliaklqana
Kikubaaqudgha
Makhleb
Nemelex Xobeh
Okawaru
Qazlal
Ru
Sif Muna
Trog
Uskayaw
Vehumet
Wu Jian
Xom
Yredelemnul
Zin
The Shining One
Jiyva

Shops:
D:9 [   D:10 }%   D:12 *(!?   D:15 (   Orc:1 [   Orc:2 [??(}   Vaults:2 :
Vaults:4 *   Depths:1 ([

Portals:
Hell: Depths:1 Depths:2 Depths:3 Depths:4 Depths:5
Abyss: Depths:1 Depths:4
Pandemonium: Depths:2 Depths:3 Depths:4
Ziggurat: Depths:5

Annotations:
Lair:4 exclusion: 4 oklob plants


Innate Abilities, Weirdness & Mutations

You reflexively headbutt those who attack you in melee.
You have a pair of horns on your head.
You are dopey. (Int -2)
You are frail. (-10% HP)
You are resistant to hostile enchantments. (MR+)
You passively map a small area around you.
You do not regenerate when monsters are visible.
Your muscles are strong. (Str +2)
Your spells are easier to cast, but less powerful.


Message History

You barely miss the hell beast.
You headbutt the hell beast, but do no damage.
The hell beast is moderately wounded.
You block the hell beast's attack. x2
Unknown command.
You hit the Hell Sentinel. You headbutt the Hell Sentinel!
The Hell Sentinel is lightly wounded.
You block the hell beast's attack. x2; You block the Hell Sentinel's attack. x2
The hell beast barely misses you.
You riposte.
You slice the hell beast!! Your headbutt misses the hell beast.
The hell beast is severely wounded.
The hell beast barely misses you.
You hit the Hell Sentinel but do no damage.
You headbutt the Hell Sentinel, but do no damage.
The Hell Sentinel is lightly wounded.
The Tzitzimitl gestures at you.
The bolt of negative energy hits the Hell Sentinel.
The Hell Sentinel completely resists.
The bolt of negative energy hits you!! You partially resist.
You feel drained.
You die...

, ***
#.....#* ##
#..(..# ,.. .
#.....# #. .#
* #.....# .
... ,
#.....#3#....
, ,
#.....#16..,
, #....211# ,
,, , #....@#3
, ,, #.....#
* , , , , ..*
#.....# , , *
, ..###.....#
* ,
..........#,
, , ,
..........# *
........### *
.........# ,,
..........# ,


You could see a Hell Sentinel, 2 Tzitzimimeh, a monstrous demonspawn, a hell
beast and a sun demon.

Vanquished Creatures
  the Royal Jelly (Slime:5)
  Khufu (Crypt:1)
  An orb of fire (Zot:1)
  Mara (Vaults:4)
  An ancient lich (WizLab)
  5 juggernauts
  A greater mummy (Vaults:3)
  Xtahua (Depths:4)
  3 curse toes
  Frederick (Depths:5)
  Saint Roka (Crypt:1)
  5 golden dragons
  Nikola (Swamp:3)
  A caustic shrike (Depths:5)
  Geryon (Hell)
  Jory (Depths:4)
  A bone dragon (Crypt:3)
  Arachne (Spider:3)
  2 electric golems
  A hellephant (Hell)
  Jorgrun (Spider:2)
  26 tentacled monstrosities
  5 liches
  An Ice Fiend (Pan)
  The ghost of Ynisk the Swashbuckler, an adept HaHu of Okawaru (Vaults:3)
  10 titans
  18 acid blobs
  3 deep elf blademasters
  13 ancient champions
  6 sphinxes
  2 deep elf master archers (Elf:3)
  An Executioner (Pan)
  7 death cobs
  5 quicksilver dragons
  Frances (D:12)
  5 shadow dragons
  6 thorn hunters
  2 revenants
  4 draconian monks
  8 tengu reavers
  22 storm dragons
  Donald (Elf:3)
  10 azure jellies
  8 fire giants
  10 frost giants
  4 iron dragons
  20 vault wardens
  4 draconian scorchers
  7 deep elf sorcerers
  5 draconian knights
  10 ghost moths
  Louise (Spider:2)
  5 emperor scorpions
  4 draconian shifters
  2 orc warlords
  Aizul (Spider:2)
  6 ghouls
  A curse skull (Vaults:3)
  3 draconian stormcallers
  7 reapers
  6 war gargoyles
  4 deep elf elementalists
  5 draconian annihilators
  5 entropy weavers
  16 very ugly things
  2 spriggan defenders (Depths:5)
  21 ironheart preservers
  24 stone giants
  7 green draconians
  A minotaur (Gauntlet)
  3 dire elephants (Lair:6)
  12 black draconians
  10 deep elf demonologists
  12 vampire knights
  6 purple draconians
  3 red draconians
  8 white draconians
  Azrael (Spider:2)
  6 yellow draconians
  6 deep elf annihilators
  5 spark wasps
  A spark wasp (shapeshifter) (Depths:4)
  The ghost of mishael the Fighter, a journeyman DrFi of Nemelex Xobeh (Lair:2)
  A green death (Depths:2)
  A small abomination (Depths:5)
  Snorg (D:13)
  14 deep elf death magi
  A quicksilver dragon zombie (Hell)
  4 blizzard demons (Hell)
  12 death oozes (Slime:5)
  A merfolk impaler (Depths:2)
  6 eidola
  18 ettins
  2 kraken zombies (Hell)
  10 jiangshi
  10 deep elf high priests
  14 fire dragons
  15 great orbs of eyes
  8 yaktaur captains
  9 ice dragons
  23 hydras
  37 vault guards
  3 rakshasas
  An ice dragon (shapeshifter) (Depths:3)
  8 spriggan air magi
  47 two-headed ogres
  8 centaur warriors
  15 alligators
  2 death knights
  28 dancing weapons
  4 shambling mangroves
  An anaconda (Lair:6)
  9 deep troll shamans
  7 deep troll earth magi
  4 hell hogs (Hell)
  3 tengu warriors
  4 death yaks (Lair:4)
  14 ogre magi
  An orc high priest (Elf:2)
  3 vampire magi
  38 deep elf knights
  2 iron golems (Hell)
  8 soul eaters
  8 sun demons
  34 hell knights
  6 spriggan berserkers
  30 skeletal warriors
  8 shadow wraiths
  A spriggan druid (Swamp:4)
  A golden dragon zombie (Crypt:2)
  The ghost of happy the Skirmisher, a novice OpWn of Nemelex Xobeh (D:8)
  26 deep trolls
  3 flayed ghosts
  An anaconda zombie (Hell)
  A sixfirhy (Depths:2)
  2 death drakes (shapeshifter)
  A sea snake (shapeshifter) (Depths:4)
  6 glowing orange brains
  17 deep elf archers
  23 ironbrand convokers
  4 wolf spider zombies
  A lindwurm (shapeshifter) (Vaults:2)
  A tengu zombie (Vaults:4)
  12 harpies
  10 phantasmal warriors
  8 orc knights
  8 wizards
  6 swamp dragons
  29 wolf spiders
  62 ugly things
  80 deep elf magi
  10 necromancers
  5 shining eyes
  An anaconda skeleton (Crypt:2)
  4 orc sorcerers
  A frost giant zombie (Crypt:2)
  20 orb spiders
  An oklob plant (Swamp:3)
  4 manticores
  2 salamanders (shapeshifter)
  5 cyclopes
  12 elephants
  2 salamanders
  A wolf spider (shapeshifter) (Vaults:4)
  91 slime creatures
  A stone giant skeleton (Vaults:4)
  21 moths of wrath
  10 rust devils
  22 vault sentinels
  4 black mambas
  2 ice statues (Hell)
  4 eyes of devastation
  2 dire elephant skeletons (Crypt:3)
  3 smoke demons
  3 orange demons (D:12)
  A torpor snail (Gauntlet)
  3 centaur skeletons
  A minotaur zombie (Gauntlet)
  A storm dragon simulacrum (Crypt:3)
  A black draconian zombie (Hell)
  2 kobold demonologists (D:14)
  3 rime drakes
  An anaconda simulacrum (Hell)
  3 efreet
  8 komodo dragons
  38 yaktaurs
  11 freezing wraiths
  12 demonic crawlers
  11 spiny frogs
  A guardian mummy (Crypt:3)
  2 ice devils
  A golden dragon simulacrum (Crypt:3)
  6 tengu conjurers
  3 hydra zombies
  A harpy zombie (Crypt:3)
  5 red devils
  23 jumping spiders
  A green draconian skeleton (Crypt:3)
  15 trolls
  A merfolk (shapeshifter) (D:14)
  3 meliai (D:14)
  A meliai (shapeshifter) (Depths:3)
  A queen bee (D:14)
  2 trolls (shapeshifter)
  6 polar bears
  3 hornets (shapeshifter)
  12 bog bodies
  A wolf spider simulacrum (D:15)
  3 hydra skeletons
  11 tyrant leeches
  19 hornets
  2 hippogriffs (shapeshifter)
  A slime creature (shapeshifter) (Vaults:5)
  A raiju (shapeshifter) (D:15)
  7 dream sheep (Lair:5)
  8 hippogriffs
  19 blink frogs
  2 stone giant simulacra (Crypt:3)
  An ettin zombie (Crypt:2)
  An alligator zombie (Crypt:2)
  A centaur simulacrum (D:14)
  67 redbacks
  2 ettin skeletons
  7 flying skulls
  Sigmund (D:5)
  A black mamba zombie (Crypt:3)
  28 tarantellas
  3 air elementals
  7 vampires
  A spriggan (shapeshifter) (Depths:5)
  6 water elementals
  A wind drake zombie (Crypt:2)
  A ynoxinul (Depths:2)
  4 spriggans
  6 shadows
  6 wraiths
  3 wyverns
  A human (shapeshifter) (Depths:1)
  43 yaks
  4 basilisks
  13 fire elementals
  2 golden eyes
  2 vampire mosquitoes (Swamp:1)
  2 chaos spawn (D:11)
  Grum (D:9)
  3 hungry ghosts
  10 insubstantial wisps
  2 soldier ants (shapeshifter)
  7 wargs
  15 water moccasins
  A soldier ant (D:11)
  4 two-headed ogre zombies (WizLab)
  3 acid dragons
  5 floating eyes
  15 swamp worms
  14 hell hounds
  A torturous demonspawn skeleton (Crypt:1)
  A manticore zombie (Crypt:3)
  8 porcupines
  39 orc warriors
  5 ice beasts
  3 sky beasts
  An ogre skeleton (Vaults:1)
  6 eyes of draining
  2 black bears
  A spiny frog skeleton (Hell)
  An eye of draining (shapeshifter) (Depths:2)
  23 swamp drakes
  3 necrophages
  2 phantoms
  A tengu (shapeshifter) (Depths:3)
  18 centaurs
  6 boggarts
  A manticore skeleton (Crypt:3)
  55 ogres
  16 wolves
  8 crocodiles
  The ghost of Meatbag the Shield-Bearer, an amateur GrFi (D:3)
  2 crocodiles (shapeshifter)
  5 big kobolds
  17 bullfrogs
  A hog skeleton (Crypt:2)
  An elf zombie (Ossuary)
  4 earth elementals
  3 scorpions
  A wyvern skeleton (D:8)
  8 troll zombies (WizLab)
  39 killer bees
  A shapeshifter zombie (Crypt:1)
  An oklob sapling (Swamp:3)
  27 wights
  12 electric eels
  13 howler monkeys
  2 bullfrog zombies
  4 centaur zombies
  9 crimson imps
  18 orc priests
  7 bullfrog skeletons
  9 jellies
  3 hounds
  5 human zombies
  4 iguanas
  8 human skeletons
  24 orc wizards
  A black bear skeleton (Crypt:1)
  6 hell rats (Hell)
  8 worker ants
  A deep dwarf zombie (Crypt:1)
  3 ogre zombies (WizLab)
  A big kobold zombie (Ossuary)
  A tengu skeleton (Crypt:3)
  4 hound skeletons
  16 mummies
  A howler monkey skeleton (D:11)
  3 gnolls (Orc:1)
  9 river rats
  18 adders
  A swamp drake skeleton (Crypt:2)
  5 shadow imps
  3 white imps
  An ooze (Sewer)
  An adder zombie (D:7)
  A worm zombie (Crypt:2)
  An adder skeleton (D:5)
  An iguana skeleton (Crypt:3)
  5 worms
  2 dart slugs (D:2)
  4 leopard geckos
  123 orcs
  5 bats
  9 giant cockroaches
  8 hobgoblins
  16 jackals
  8 quokkas
  11 ball pythons
  9 frilled lizards
  11 goblins
  8 hobgoblin zombies (Ossuary)
  2 jackal skeletons
  2 jackal zombies
  24 kobolds
  11 kobold zombies (Ossuary)
  11 orc zombies
  A quokka skeleton (Crypt:1)
  26 rats
  2 rat zombies (Ossuary)
  2 briar patches (Swamp:2)
  A butterfly (Lair:1)
  3 crawling corpses
  11 fungi
  19 plants
  3 tentacles (Hell)
  A toadstool (Depths:2)
2875 creatures vanquished.

Vanquished Creatures (others)
  A curse toe (Zot:4)
  2 deep elf master archers (Elf:3)
  A draconian knight (Zot:1)
  2 ironheart preservers (Vaults:2)
  3 stone giants
  An ettin (shapeshifter) (Vaults:4)
  Fannar (D:11)
  4 yaktaur captains
  2 centaur warriors
  An ogre mage (Depths:4)
  A tengu warrior (Depths:5)
  A deep elf knight (Elf:2)
  A swamp dragon (Swamp:3)
  3 deep elf archers
  2 orb spiders (Spider:2)
  A cyclops (Vaults:1)
  4 deep elf magi
  15 yaktaurs
  4 jumping spiders
  2 hornets
  2 slime creatures (Vaults:2)
  A warg (Vaults:5)
  A spiny frog skeleton (Hell)
  2 boggarts
  2 centaurs
  A glowing shapeshifter simulacrum (Vaults:2)
  2 orcs
  A kobold (D:12)
  A bush (Lair:3)
  4 demonic plants (Gauntlet)
  9 fungi
  13 plants
  12 tentacles (Hell)
  3 toadstools (Depths:2)
106 creatures vanquished.

Grand Total: 2981 creatures vanquished

Notes
Turn   | Place    | Note
-------+----------+-------------------------------------------
     0 | D:1      | Peloso the Minotaur Fighter began the quest for the Orb.
     0 | D:1      | Reached XP level 1. HP: 19/19 MP: 0/0
   109 | D:1      | Reached XP level 2. HP: 27/27 MP: 1/1
   702 | D:1      | Reached XP level 3. HP: 33/33 MP: 2/2
  1212 | D:2      | Reached XP level 4. HP: 40/40 MP: 3/3
  1442 | D:2      | Found a burning altar of Makhleb.
  1619 | D:3      | Found a runed translucent door.
  1715 | D:3      | Noticed Meatbag's ghost (amateur GrFi)
  1896 | D:3      | Reached skill level 5 in Shields
  2080 | D:4      | Reached skill level 1 in Dodging
  2182 | D:4      | Found a glowing drain.
  2206 | Sewer    | Entered a sewer
  2236 | Sewer    | Reached XP level 5. HP: 34/46 MP: 4/4
  2789 | Sewer    | Reached XP level 6. HP: 25/52 MP: 5/5
  2799 | Sewer    | Reached skill level 5 in Armour
  3228 | D:4      | Found a glowing golden altar of the Shining One.
  3858 | D:5      | Entered Level 5 of the Dungeon
  3959 | D:5      | Reached skill level 5 in Long Blades
  3987 | D:5      | Reached XP level 7. HP: 43/60 MP: 6/6
  4133 | D:5      | Noticed Sigmund
  4137 | D:5      | Killed Sigmund
  4228 | D:5      | Reached skill level 5 in Fighting
  4236 | D:5      | Reached XP level 8. HP: 26/68 MP: 7/7
  4281 | D:5      | Found a sand-covered staircase.
  4287 | Ossuary  | Entered an ossuary
  5137 | D:6      | Found a staircase to the Ecumenical Temple.
  5144 | Temple   | Entered the Ecumenical Temple
  5358 | Temple   | Became a worshipper of Warmaster Okawaru
  5593 | D:6      | Found a shattered altar of Ashenzari.
  5988 | D:7      | Reached XP level 9. HP: 69/75 MP: 8/8
  6137 | D:7      | Reached * piety under Okawaru
  6457 | D:7      | Found a stormy altar of Qazlal.
  6895 | D:8      | Found an ornate altar of the Wu Jian Council.
  7060 | D:8      | Found a snail-covered altar of Cheibriados.
  7358 | D:8      | Reached ** piety under Okawaru
  7571 | D:8      | Reached skill level 10 in Shields
  8276 | D:8      | Found a runed translucent gate.
  8282 | D:8      | Found a sparkling altar of Nemelex Xobeh.
  8282 | D:8      | Found an opulent altar of Gozag.
  8292 | D:8      | Found a runed translucent gate.
  8292 | D:8      | Found an opulent altar of Gozag.
  8293 | D:8      | Found a runed translucent gate.
  8294 | D:8      | Noticed a wolf spider
  8294 | D:8      | Noticed happy's ghost (novice OpWn)
  8501 | D:3      | Killed Meatbag's ghost
  8501 | D:3      | Reached XP level 10. HP: 79/84 MP: 9/9
  9199 | D:9      | Found a staircase to the Orcish Mines.
  9201 | D:9      | Found Jugadud's Armour Boutique.
  9366 | D:9      | Reached skill level 10 in Long Blades
  9496 | D:9      | Found a sacrificial altar of Ru.
  9521 | D:9      | Reached *** piety under Okawaru
  9647 | D:9      | Found a radiant altar of Vehumet.
  9794 | D:9      | Noticed Grum
  9819 | D:9      | Killed Grum
  9819 | D:9      | Reached **** piety under Okawaru
 10436 | D:10     | Entered Level 10 of the Dungeon
 10436 | D:10     | Found Zeum's Food Boutique.
 10445 | D:10     | Found a staircase to the Lair.
 10469 | D:10     | Reached skill level 1 in Invocations
 10479 | D:10     | Noticed a two-headed ogre
 10490 | D:9      | Reached XP level 11. HP: 76/97 MP: 10/10
 11193 | D:10     | Identified the +5 plate armour of Grace {Slay+2}
 11201 | D:10     | Reached skill level 10 in Armour
 11258 | D:10     | Killed a two-headed ogre
 11548 | D:10     | Found Neyxu's Gadget Shop.
 11953 | D:11     | Noticed an eight-headed hydra
 11993 | D:11     | Found the +7 mace of Variability {chain chaos}
 11995 | D:11     | Found a shimmering altar of Xom.
 12249 | D:11     | Noticed Fannar
 12680 | D:11     | Killed Fannar
 12881 | D:11     | Killed an eight-headed hydra
 12886 | D:11     | Reached ***** piety under Okawaru
 12995 | D:11     | Reached skill level 10 in Fighting
 13125 | D:11     | Received a gift from Okawaru
 13131 | D:11     | Got a transparent scimitar {god gift}
 13132 | D:11     | Identified the +7 scimitar of Inimim {drain, rPois}
                  | (Okawaru gifted it to you on level 11 of the Dungeon)
 13813 | D:9      | Reached skill level 1 in Evocations
 13902 | D:9      | Reached skill level 1 in Maces & Flails
 14043 | D:12     | Found Omu Gil's Distillery.
 14043 | D:12     | Noticed Frances
 14063 | D:12     | Killed Frances
 14063 | D:12     | Reached XP level 12. HP: 48/107 MP: 12/12
 14070 | D:12     | Found Disoatoj's General Store.
 14114 | D:12     | Found a gate leading to a gauntlet.
 14125 | Gauntlet | Entered a Gauntlet
 14125 | Gauntlet | Found a transporter.
 14133 | Gauntlet | Found a transporter.
 14135 | Gauntlet | Found a transporter.
 14137 | Gauntlet | Found a transporter.
 14155 | Gauntlet | Found a transporter.
 14169 | Gauntlet | Found a transporter.
 14177 | Gauntlet | Found a transporter.
 14192 | Gauntlet | Found a transporter.
 14209 | Gauntlet | Found a transporter.
 14218 | Gauntlet | Noticed a hell beast
 14224 | Gauntlet | Found a transporter.
 14253 | Gauntlet | Found a transporter.
 14258 | Gauntlet | Found a transporter.
 14282 | Gauntlet | Found a transporter.
 14294 | Gauntlet | Found a transporter.
 14314 | Gauntlet | Found a transporter.
 14329 | Gauntlet | Found a transporter.
 14331 | Gauntlet | Found a transporter.
 14365 | Gauntlet | Gained mutation: Your spells are a little easier to cast,
                  | but a little less powerful. [a shining eye]
 14368 | Gauntlet | Reached skill level 1 in Stealth
 14372 | Gauntlet | Gained mutation: You are frail. (-10% HP) [a shining eye]
 14399 | Gauntlet | Found a transporter.
 14767 | Gauntlet | Got a scintillating steel amulet
 14768 | Gauntlet | Identified the amulet "Asoimunt" {Reflect rElec rPois
                  | Slay+2 SH+5} (You found it in a Gauntlet)
 14798 | Gauntlet | Noticed a minotaur
 14817 | Gauntlet | Killed a minotaur
 15119 | D:12     | Found Lanenomi's Antique Weapon Shop.
 15147 | D:12     | Found Niren's General Store.
 15248 | D:12     | Bought a potion of curing for 36 gold pieces
 15248 | D:12     | Bought a potion of heal wounds for 60 gold pieces
 15248 | D:12     | Bought a potion of mutation for 96 gold pieces
 15248 | D:12     | Bought a potion of might for 48 gold pieces
 15371 | D:12     | Found Ahoenay's Magic Scroll Shop.
 15382 | D:12     | Bought a scroll of identify for 26 gold pieces
 15382 | D:12     | Bought a scroll of identify for 26 gold pieces
 15382 | D:12     | Bought a scroll of identify for 26 gold pieces
 15382 | D:12     | Bought a scroll of identify for 26 gold pieces
 15382 | D:12     | Bought a scroll of blinking for 97 gold pieces
 15382 | D:12     | Bought a scroll of brand weapon for 260 gold pieces
 15382 | D:12     | Bought a scroll of magic mapping for 45 gold pieces
 15676 | D:12     | Identified a scroll of acquirement
 15704 | D:13     | Received a gift from Okawaru
 15718 | D:13     | Got a bloodstained falchion {god gift}
 15719 | D:13     | Identified the +7 falchion of Ash {freeze, rElec rF- Dex+3}
                  | (Okawaru gifted it to you on level 13 of the Dungeon)
 15833 | D:13     | Noticed Snorg
 15859 | D:13     | Killed Snorg
 15966 | D:13     | Reached XP level 13. HP: 51/105 MP: 13/13
 17266 | Lair:1   | Entered Level 1 of the Lair of Beasts
 17338 | Lair:1   | You fall into a shaft and drop 1 floor!
 18136 | Lair:2   | Received a gift from Okawaru
 18160 | Lair:2   | Got a steaming demon blade {god gift}
 18161 | Lair:2   | Identified the +7 demon blade "Leajib" {flame, +Blink rC++
                  | MR- Int+3} (Okawaru gifted it to you on level 2 of the Lair
                  | of Beasts)
 18354 | Lair:2   | Found a runed translucent door.
 18357 | Lair:2   | Identified the cursed +0 trident of the Bear {pierce,
                  | +Blink rPois SInv}
 18360 | Lair:2   | Noticed mishael's ghost (journeyman DrFi)
 18382 | Lair:2   | Killed mishael's ghost
 18892 | Lair:3   | Reached skill level 15 in Shields
 19163 | Lair:3   | Found a hole to the Spider Nest.
 19199 | Lair:3   | Found a staircase to the Swamp.
 19205 | Lair:3   | Received a gift from Okawaru
 19443 | Lair:3   | You fall into a shaft and drop 2 floors!
 19497 | Lair:4   | Reached ****** piety under Okawaru
 19710 | Lair:4   | Reached XP level 14. HP: 100/118 MP: 14/14
 19737 | Lair:4   | Received a gift from Okawaru
 19740 | Lair:4   | Got a twisted plate armour {god gift}
 19751 | Lair:4   | Identified the +8 plate armour of Direph {Stlth+} (Okawaru
                  | gifted it to you on level 4 of the Lair of Beasts)
 20625 | Lair:3   | Got an encrusted long sword
 20626 | Lair:3   | Identified the +5 long sword "Jahyep Qadgh" {slice, *Drain
                  | rN+ Int+5} (You found it on level 3 of the Lair of Beasts)
 21183 | D:14     | Reached skill level 15 in Long Blades
 21859 | D:14     | Found a gate to the Vaults.
 22825 | Lair:5   | Received a gift from Okawaru
 23771 | Lair:6   | Entered Level 6 of the Lair of Beasts
 23800 | Lair:6   | Found a viscous altar of Jiyva.
 23800 | Lair:6   | Found a staircase to the Slime Pits.
 24015 | Lair:6   | Reached skill level 15 in Fighting
 24252 | Lair:6   | Received a gift from Okawaru
 24357 | Lair:6   | Got a translucent plate armour
 24368 | Lair:6   | Identified the +8 plate armour "Weichib" {Int+2 Dex+5
                  | Stlth+} (You found it on level 6 of the Lair of Beasts)
 25204 | Lair:6   | Identified Doirol's Incunabulum of Frigorific Combat Magic
 26118 | Orc:1    | Entered Level 1 of the Orcish Mines
 26408 | Orc:1    | Found Vuwov's Armour Shop.
 26560 | Orc:2    | Entered Level 2 of the Orcish Mines
 26564 | Orc:2    | Noticed an orc warlord
 26567 | Orc:2    | Found Zynoum's Gadget Shoppe.
 26921 | Orc:1    | Killed an orc warlord
 26921 | Orc:1    | Reached XP level 15. HP: 103/126 MP: 13/15
 27202 | Orc:2    | Found a staircase to the Elven Halls.
 27484 | Orc:2    | Found Yryletro's Magic Scroll Boutique.
 27979 | Orc:2    | Found Coushra's Armour Shop.
 27987 | Orc:2    | Found Dawn's Antique Weapon Shoppe.
 28169 | Orc:2    | Bought a scroll of holy word for 112 gold pieces
 28169 | Orc:2    | Bought a scroll of magic mapping for 52 gold pieces
 28169 | Orc:2    | Bought a scroll of brand weapon for 300 gold pieces
 28169 | Orc:2    | Bought a scroll of blinking for 112 gold pieces
 28176 | Orc:2    | Found Ubehisul's Magic Scroll Boutique.
 28185 | Orc:2    | Bought a scroll of identify for 24 gold pieces
 28185 | Orc:2    | Bought a scroll of identify for 24 gold pieces
 28185 | Orc:2    | Bought a scroll of teleportation for 36 gold pieces
 28740 | D:15     | Entered Level 15 of the Dungeon
 28891 | D:15     | Received a gift from Okawaru
 29512 | D:15     | Found Orio's Weapon Emporium.
 29637 | D:15     | Found a shattered altar of Ashenzari.
 29654 | D:15     | Received a gift from Okawaru
 29869 | D:15     | Found a staircase to the Depths.
 30138 | Swamp:1  | Entered Level 1 of the Swamp
 30412 | Swamp:1  | Reached XP level 16. HP: 136/136 MP: 16/16
 30769 | Swamp:2  | Reached skill level 5 in Dodging
 31346 | Swamp:2  | Noticed a thorn hunter
 31361 | Swamp:2  | Killed a thorn hunter
 32303 | Swamp:3  | Received a gift from Okawaru
 33148 | Swamp:3  | Reached skill level 15 in Armour
 33387 | Swamp:3  | Noticed a thorn hunter
 33720 | Swamp:3  | Noticed Nikola
 33755 | Swamp:3  | Killed Nikola
 34037 | Swamp:3  | Noticed a thorn hunter
 34052 | Swamp:3  | Killed a thorn hunter
 34141 | Swamp:3  | Noticed a thorn hunter
 34156 | Swamp:3  | Noticed a thorn hunter
 34157 | Swamp:3  | Killed a thorn hunter
 34175 | Swamp:3  | Killed a thorn hunter
 34498 | Swamp:4  | Entered Level 4 of the Swamp
 34713 | Swamp:4  | Received a gift from Okawaru
 34723 | Swamp:4  | Got a twisted shield {god gift}
 34729 | Swamp:4  | Identified the +2 shield of Sloth {rElec} (Okawaru gifted
                  | it to you on level 4 of the Swamp)
 35386 | Swamp:4  | Identified the +2 hand axe of Perfectionism {drain, Str+4
                  | Dex+5}
 35414 | Swamp:4  | Noticed a thorn hunter
 35426 | Swamp:4  | Killed a thorn hunter
 35550 | Swamp:4  | Reached XP level 17. HP: 73/145 MP: 14/17
 35943 | Swamp:4  | Got a decaying rune of Zot
 36787 | Spider:1 | Entered Level 1 of the Spider Nest
 37297 | Spider:1 | Received a gift from Okawaru
 37540 | Spider:2 | Noticed Aizul
 37906 | Spider:2 | Killed Aizul
 38277 | Spider:2 | Noticed Azrael
 38963 | Spider:2 | Killed Azrael
 39378 | Spider:3 | Noticed Louise
 39379 | Spider:3 | Noticed Arachne
 39420 | Spider:3 | Noticed Jorgrun
 39428 | Spider:2 | Received a gift from Okawaru
 39540 | Spider:2 | Got a scorched double sword {god gift}
 39541 | Spider:2 | Identified the +8 double sword "Baddanno" {antimagic, rElec
                  | rN+ Int-3 Dex+9} (Okawaru gifted it to you on level 2 of
                  | the Spider Nest)
 40659 | Spider:2 | Killed Louise
 41085 | Spider:2 | Killed Jorgrun
 41107 | Spider:2 | Received a gift from Okawaru
 41473 | Spider:3 | Killed Arachne
 41548 | Spider:3 | Reached XP level 18. HP: 154/154 MP: 6/18
 41834 | Spider:4 | Entered Level 4 of the Spider Nest
 41872 | Spider:4 | Got a faintly glowing emerald amulet
 41873 | Spider:4 | Identified the amulet "Ishuw" {rN+ Regen+ Str+2 Dex-3
                  | Slay+3} (You found it on level 4 of the Spider Nest)
 42382 | Spider:4 | Paralysed by a hornet for 1 turns
 43261 | Spider:4 | Got a gossamer rune of Zot
 43392 | Spider:4 | Received a gift from Okawaru
 44342 | Elf:1    | Entered Level 1 of the Elven Halls
 44837 | Elf:1    | Found a portal to a secret trove of treasure.
 44940 | Elf:1    | Noticed an Ice Fiend
 46169 | Elf:1    | You paid a toll of 2 scrolls of acquirement to enter a
                  | treasure trove
 46170 | Trove    | Entered a treasure trove
 46175 | Trove    | Found the +3 pair of gauntlets of War {Slay+5}
 46176 | Trove    | Found the +10 large shield of Ignorance {rN+ Int-4}
 46193 | Trove    | Got a pair of encrusted boots
 46204 | Trove    | Identified the -2 pair of boots "Feomaos" {MR+ Str+4 Int+4
                  | Dex+3} (You found it in a treasure trove)
 46206 | Trove    | Got a jewelled crystal plate armour
 46217 | Trove    | Identified the +1 crystal plate armour of Onysheufe {Str+2}
                  | (You found it in a treasure trove)
 46232 | Trove    | Got a steaming shield
 46243 | Trove    | Identified the +6 shield of Hide-and-Seek {rPois Dex+5
                  | Stlth+} (You found it in a treasure trove)
 46244 | Trove    | Got a heavily runed plate armour
 46255 | Trove    | Identified the +10 plate armour of the Little Devil {rF+
                  | rC+ Stlth+} (You found it in a treasure trove)
 46260 | Trove    | Got a pair of bloodstained gloves
 46271 | Trove    | Identified the +0 pair of gloves of Patience {Str+2 Stlth+}
                  | (You found it in a treasure trove)
 46304 | Elf:1    | Upgraded the game from 0.24-a0-539-g6aae15eeb0 to
                  | 0.24-a0-545-gd1b266bae6
 46654 | Orc:2    | Bought a scroll of fog for 30 gold pieces
 46654 | Orc:2    | Bought a scroll of fog for 30 gold pieces
 47278 | Elf:2    | Received a gift from Okawaru
 47301 | Elf:2    | Found a magical portal.
 47323 | WizLab   | Entered Zonguldrok's Shrine
 47458 | WizLab   | Reached XP level 19. HP: 162/162 MP: 6/19
 47618 | WizLab   | Noticed an antique lich
 47620 | WizLab   | Found the +9 sword of Zonguldrok {reap}
 47625 | WizLab   | Killed an antique lich
 47857 | Elf:2    | Received a gift from Okawaru
 47960 | Elf:2    | Found a runed translucent gate.
 47960 | Elf:2    | Found a runed translucent gate.
 47960 | Elf:2    | Found a runed translucent gate.
 48272 | Elf:3    | Entered Level 3 of the Elven Halls
 48761 | Elf:3    | Noticed Donald
 48772 | Elf:3    | Killed Donald
 49011 | Elf:3    | Received a gift from Okawaru
 49336 | Elf:3    | Identified the cursed +1 triple sword of Orin {venom,
                  | *Drain rC+ Dex+4}
 49731 | Elf:3    | Identified the +3 broad axe of Mandamus {antimagic, +Inv
                  | rC- Int+3 Dex+4}
 49738 | Elf:3    | Found the amulet of the Four Winds {rN+ MR+++ Clar}
 49765 | Elf:3    | Got a smoking sapphire amulet
 50241 | Elf:3    | Identified the amulet "Aclol" {+Rage rElec MR- Str-4 Dex+8}
                  | (You found it on level 3 of the Elven Halls)
 50251 | Elf:3    | Got an encrusted spear
 50252 | Elf:3    | Identified the +9 spear of Pizykuco {pierce, +Fly rPois
                  | MP+9 Int-2} (You found it on level 3 of the Elven Halls)
 50318 | Elf:3    | Got a bloodstained scale mail {god gift}
 50319 | Elf:3    | Identified the +0 scale mail of Esuomywk {+Blink +Inv rF-
                  | Regen+} (Okawaru gifted it to you on level 3 of the Elven
                  | Halls)
 50392 | Elf:2    | Reached XP level 20. HP: 128/173 MP: 6/20
 50592 | Elf:2    | Received a gift from Okawaru
 50595 | Elf:2    | Got a translucent long sword {god gift}
 50596 | Elf:2    | Identified the +6 long sword of Crusades {vamp, rElec rPois
                  | rN+ Str+3} (Okawaru gifted it to you on level 2 of the
                  | Elven Halls)
 51330 | Vaults:1 | Entered Level 1 of the Vaults
 51863 | Vaults:1 | Found a sacrificial altar of Ru.
 51936 | Vaults:1 | Received a gift from Okawaru
 53585 | Vaults:2 | Received a gift from Okawaru
 53587 | Vaults:2 | HP: 8/175 [deep elf sorcerer/damnation[an ironheart
                  | preserver] (41)]
 54115 | Vaults:2 | Got a slimy ring mail {god gift}
 54116 | Vaults:2 | Identified the +4 ring mail "Potis" {rN+++ Int-3 SInv}
                  | (Okawaru gifted it to you on level 2 of the Vaults)
 54227 | Vaults:2 | Identified the +5 shortbow "Mecad" {venom, +Inv rPois Int-2
                  | Dex+4}
 54807 | Vaults:2 | Reached XP level 21. HP: 174/181 MP: 7/21
 54914 | Vaults:2 | Found Vurreh's Book Emporium.
 55088 | Vaults:3 | Received a gift from Okawaru
 55325 | Vaults:3 | Found a runed translucent door.
 55325 | Vaults:3 | Noticed Ynisk's ghost (adept HaHu)
 55341 | Vaults:3 | Killed Ynisk's ghost
 55454 | Vaults:3 | Received a gift from Okawaru
 55688 | Vaults:3 | Found a staircase to the Crypt.
 56417 | Vaults:3 | Found the amulet of Vitality {Regen+ HP+15}
 56567 | Vaults:4 | Received a gift from Okawaru
 56716 | Vaults:4 | Reached skill level 27 in Shields
 57118 | Vaults:4 | Reached XP level 22. HP: 191/191 MP: 7/22
 57416 | Vaults:4 | Received a gift from Okawaru
 57718 | Vaults:4 | Found Siet's Assorted Antiques.
 57749 | Vaults:4 | Bought a potion of mutation for 264 gold pieces
 57789 | Vaults:5 | Entered Level 5 of the Vaults
 58309 | Vaults:4 | Received a gift from Okawaru
 58868 | Vaults:5 | Identified the +2 triple sword of the Hidden Blessings
                  | {flame, *Rage +Inv Str+4}
 58882 | Vaults:5 | Noticed Mara
 59695 | Vaults:4 | Received a gift from Okawaru
 60338 | Vaults:5 | Identified the +8 plate armour "Yxteacaf" {rElec rC- Int+3}
 60360 | Vaults:4 | Killed Mara
 60836 | Vaults:4 | Reached XP level 23. HP: 190/202 MP: 7/23
 60922 | Vaults:4 | HP: 7/203 [deep troll[an ironheart preserver] (28)]
 61590 | Vaults:5 | Identified the ring of Kusud {+Fly rC+}
 61621 | Vaults:5 | Received a gift from Okawaru
 63250 | Vaults:5 | Identified the Collected Works on Aerial Protection
 63256 | Vaults:5 | Got a heavily runed scale mail
 63257 | Vaults:5 | Identified the +5 scale mail of Ymext {rElec rF+} (You
                  | found it on level 5 of the Vaults)
 63746 | Vaults:5 | Got a silver rune of Zot
 64620 | Crypt:1  | Entered Level 1 of the Crypt
 64620 | Crypt:1  | Noticed Khufu
 64620 | Crypt:1  | Noticed a greater mummy
 64632 | Vaults:3 | Killed a greater mummy
 64632 | Vaults:3 | Received a gift from Okawaru
 64638 | Vaults:3 | Got a pitted double sword {god gift}
 64642 | Vaults:3 | Identified the +3 double sword "Spiderbane" {slice, Dex+2}
                  | (Okawaru gifted it to you on level 3 of the Vaults)
 65032 | Crypt:1  | Killed Khufu
 65623 | Crypt:1  | Noticed Saint Roka
 65667 | Crypt:1  | Killed Saint Roka
 65707 | Crypt:1  | Received a gift from Okawaru
 66999 | Crypt:2  | Reached XP level 24. HP: 210/210 MP: 7/23
 68219 | Crypt:3  | Entered Level 3 of the Crypt
 68270 | Crypt:3  | Received a gift from Okawaru
 68289 | Crypt:3  | Got a steaming spear {god gift}
 68290 | Crypt:3  | Identified the +10 spear "Odoilot" {pierce, rElec MR++}
                  | (Okawaru gifted it to you on level 3 of the Crypt)
 68487 | Depths:1 | Entered Level 1 of the Depths
 68514 | Depths:1 | Found Soenuj's Armour Shoppe.
 68522 | Depths:1 | Bought the +5 pair of gloves of Hamu {-Cast rElec rPois
                  | rCorr Stlth+} for 932 gold pieces
 68522 | Depths:1 | Found Gizaorr's Antique Weapon Emporium.
 68646 | Depths:1 | Found a one-way gate to the infinite horrors of the Abyss.
 68756 | Depths:1 | Found a gateway to Hell.
 69433 | Depths:1 | Received a gift from Okawaru
 70054 | Depths:2 | Found a one-way gate leading to the halls of Pandemonium.
 70937 | Depths:3 | Noticed a juggernaut
 70950 | Depths:3 | Killed a juggernaut
 70956 | Depths:3 | Paralysed by a floating eye for 4 turns
 70968 | Depths:3 | Paralysed by a floating eye for 3 turns
 71303 | Depths:3 | Received a gift from Okawaru
 71481 | Depths:4 | Noticed Jory
 71492 | Depths:4 | Killed Jory
 71546 | Depths:4 | Reached XP level 25. HP: 199/220 MP: 23/23
 71592 | Depths:4 | Noticed Xtahua
 71607 | Depths:4 | Killed Xtahua
 71608 | Depths:4 | Identified the +8 falchion "Digikun" {holy, -Tele rF+
                  | Dex+9}
 73253 | Depths:5 | Entered Level 5 of the Depths
 73352 | Depths:5 | Noticed a juggernaut
 73372 | Depths:5 | Killed a juggernaut
 73619 | Depths:5 | Found a gateway to a ziggurat.
 73875 | Depths:5 | Found a sacrificial altar of Ru.
 73875 | Depths:5 | Found a snail-covered altar of Cheibriados.
 73876 | Depths:5 | Found a shattered altar of Ashenzari.
 73912 | Depths:5 | Received a gift from Okawaru
 74095 | Depths:5 | Identified the ring "Piwkeaqi" {rN+ Str+2}
 74115 | Depths:5 | Identified the amulet of Dim Light {Gourm MP+9}
 74115 | Depths:5 | Noticed Frederick
 74122 | Depths:5 | Killed Frederick
 74130 | Depths:5 | Noticed a juggernaut
 74141 | Depths:5 | Killed a juggernaut
 74152 | Depths:5 | Received a gift from Okawaru
 74156 | Depths:5 | Got a polished hat {god gift}
 74253 | Depths:5 | Got a heavily runed chain mail
 74254 | Depths:5 | Identified the +1 hat of Lilacs {rF- Regen+ rCorr Int+5}
                  | (Okawaru gifted it to you on level 5 of the Depths)
 74255 | Depths:5 | Identified the cursed +1 chain mail of Qazlal's Pride
                  | {*Slow Str+5} (You found it on level 5 of the Depths)
 74297 | Depths:5 | Noticed a juggernaut
 74309 | Depths:5 | Killed a juggernaut
 74327 | Depths:5 | Paralysed by a floating eye for 4 turns
 74377 | Depths:5 | Reached skill level 27 in Fighting
 74490 | Depths:5 | Reached skill level 27 in Long Blades
 74567 | Depths:5 | Noticed a juggernaut
 74577 | Depths:5 | Killed a juggernaut
 74577 | Depths:5 | Reached XP level 26. HP: 234/234 MP: 24/24
 74620 | Depths:5 | Found a gate to the Realm of Zot.
 75447 | Crypt:3  | Received a gift from Okawaru
 75481 | Crypt:3  | Got a pair of scorched boots {god gift}
 75492 | Crypt:3  | Identified the +1 pair of boots of Yzonkumm {rPois rC+
                  | Int+7 Slay-5} (Okawaru gifted it to you on level 3 of the
                  | Crypt)
 75602 | Crypt:3  | Found a basalt altar of Yredelemnul.
 75603 | Crypt:3  | Found an ancient bone altar of Kikubaaqudgha.
 75670 | Crypt:3  | Identified the Volume of Stolen Souls
 75700 | Crypt:3  | Identified the Papyrus of Fetching Heat
 76029 | Crypt:3  | Found a staircase to the Tomb.
 76738 | Slime:1  | Entered Level 1 of the Pits of Slime
 76816 | Slime:1  | Reached skill level 10 in Dodging
 77079 | Slime:4  | Gained mutation: Your magical capacity is low. (-10% MP) [a
                  | shining eye]
 77297 | Slime:4  | Gained mutation: You are weak. (Str -2) [a shining eye]
 77298 | Slime:4  | Gained mutation: You do not regenerate when monsters are
                  | visible. [a shining eye]
 77299 | Slime:4  | Gained mutation: Scrolls take you a little longer to read.
                  | [a shining eye]
 77300 | Slime:4  | Gained mutation: You are dopey. (Int -2) [a shining eye]
 77301 | Slime:4  | Gained mutation: Your body sometimes deteriorates upon
                  | taking damage. [a shining eye]
 77302 | Slime:4  | Gained mutation: You are clumsy. (Dex -2) [a shining eye]
 77303 | Slime:4  | Gained mutation: You tend to lose your temper in combat. [a
                  | shining eye]
 77413 | Slime:5  | Entered Level 5 of the Pits of Slime
 77438 | Slime:5  | Received a gift from Okawaru
 77511 | Slime:5  | Noticed the Royal Jelly
 77523 | Slime:5  | Killed the Royal Jelly
 78258 | Slime:5  | Paralysed by a floating eye for 4 turns
 78972 | Slime:5  | Identified the Volume of Destructive Beguiling
 79050 | Slime:5  | Got a slimy rune of Zot
 79051 | Slime:5  | Identified the Volume of the Mountains
 79055 | Slime:5  | Got a shimmering short sword
 79058 | Slime:5  | Identified the cursed +0 short sword of Gallantry {elec,
                  | *Rage rC+ Dex+4 Stlth+} (You found it on level 5 of the
                  | Pits of Slime)
 79062 | Slime:5  | Identified the Collected Works on the Earthen Arsonist
 79100 | Slime:5  | Got a steaming hand axe
 79103 | Slime:5  | Identified the +4 hand axe of the Thirsty Planets {chop,
                  | Str+6 Dex+5 Stlth+} (You found it on level 5 of the Pits of
                  | Slime)
 79326 | Lair:1   | Lost mutation: You are clumsy. (Dex -2) [potion of
                  | mutation]
 79326 | Lair:1   | Lost mutation: Your spells are a little easier to cast, but
                  | a little less powerful. [potion of mutation]
 79326 | Lair:1   | Gained mutation: You evolve. [potion of mutation]
 79326 | Lair:1   | Gained mutation: You are agile. (Dex +2) [potion of
                  | mutation]
 79327 | Lair:1   | Lost mutation: You are frail. (-10% HP) [potion of
                  | mutation]
 79327 | Lair:1   | Lost mutation: You are weak. (Str -2) [potion of mutation]
 79327 | Lair:1   | Lost mutation: You tend to lose your temper in combat.
                  | [potion of mutation]
 79327 | Lair:1   | Lost mutation: Scrolls take you a little longer to read.
                  | [potion of mutation]
 79327 | Lair:1   | Lost mutation: Your magical capacity is low. (-10% MP)
                  | [potion of mutation]
 79331 | Lair:1   | Lost mutation: Your body sometimes deteriorates upon taking
                  | damage. [potion of mutation]
 79331 | Lair:1   | Lost mutation: You are agile. (Dex +2) [potion of mutation]
 79331 | Lair:1   | Gained mutation: You passively map a small area around you.
                  | [potion of mutation]
 79331 | Lair:1   | Gained mutation: Your spells are a little easier to cast,
                  | but a little less powerful. [potion of mutation]
 79338 | Lair:1   | Lost mutation: Your spells are a little easier to cast, but
                  | a little less powerful. [potion of mutation]
 79338 | Lair:1   | Lost mutation: You evolve. [potion of mutation]
 79338 | Lair:1   | Gained mutation: You are resistant to hostile enchantments.
                  | (MR+) [potion of mutation]
 79338 | Lair:1   | Gained mutation: Your muscles are strong. (Str +2) [potion
                  | of mutation]
 80018 | Zot:1    | Entered Level 1 of the Realm of Zot
 80112 | Zot:1    | Reached XP level 27. HP: 201/273 MP: 24/24
 80445 | Zot:1    | Received a gift from Okawaru
 80448 | Zot:1    | Got a faintly glowing scale mail {god gift}
 80986 | Zot:1    | Noticed an orb of fire
 80993 | Zot:1    | Gained mutation: You are frail. (-10% HP) [an orb of fire]
 80994 | Zot:1    | Gained mutation: Your spells are a little easier to cast,
                  | but a little less powerful. [an orb of fire]
 80996 | Zot:1    | Gained mutation: Your spells are easier to cast, but less
                  | powerful. [an orb of fire]
 80999 | Zot:1    | Killed an orb of fire
 81311 | Zot:2    | Reached skill level 5 in Stealth
 81394 | Zot:2    | Received a gift from Okawaru
 82217 | Hell     | Entered the Vestibule of Hell
 82217 | Hell     | Noticed Geryon
 82249 | Hell     | Killed Geryon
 82249 | Hell     | Reached skill level 27 in Armour
 82710 | Hell     | Received a gift from Okawaru
 82793 | Hell     | Reached skill level 15 in Dodging
 83093 | Hell     | Found a gateway to the freezing wastes of Cocytus.
 83276 | Hell     | Found a gateway to the Iron City of Dis.
 83325 | Hell     | Found a gateway to the ashen valley of Gehenna.
 83675 | Hell     | Identified the +2 scale mail "Vabur" {rC+++ Regen+ rCorr
                  | Slay-2} (Okawaru gifted it to you on level 1 of the Realm
                  | of Zot)
 83679 | Hell     | Found a gateway to the decaying netherworld of Tartarus.
 84710 | Zot:3    | Received a gift from Okawaru
 84723 | Zot:3    | Got a crude large shield {god gift}
 84894 | Zot:3    | Identified the +1 large shield of the Country {rCorr}
                  | (Okawaru gifted it to you on level 3 of the Realm of Zot)
 86588 | D:12     | Bought a potion of haste for 120 gold pieces
 86588 | D:12     | Bought a potion of haste for 120 gold pieces
 87045 | D:8      | Killed happy's ghost
 87355 | Orc:2    | Bought a scroll of teleportation for 45 gold pieces
 87355 | Orc:2    | Bought a scroll of teleportation for 45 gold pieces
 87355 | Orc:2    | Bought a scroll of teleportation for 45 gold pieces
 87845 | Depths:3 | Got a sparkling silver ring
 87846 | Depths:3 | Identified the ring of Ujas {Int+4 SInv} (You acquired it
                  | on level 3 of the Depths)
 87914 | Pan      | Entered Pandemonium
 87961 | Pan      | Killed from afar by a Tzitzimitl

Levels and vault maps discovered:
D:1:      tarquinn_simple_flora_water_a, layout_basic
D:2:      layout_rooms, bloody_makhleb
D:3:      layout_loops_cross, first_ration, ebering_ghost_reflecting_pool
D:4:      layout_loops_corners, lemuel_crystal_altar, gup_sewer_entry_bubbles
D:5:      layout_loops_ring, nicolae_ossuary_entry_catacombs, uniq_sigmund
D:6:      layout_basic, minmay_temple_entry_arrows, cheibrodos_ashenzari_chains
D:7:      layout_basic, grunt_qazlal_sundering, chequers_hall_statues_y
D:8:      cheibrodos_iron_armory, layout_gridville,
          grunt_temple_overflow_opulence, kennysheep_little_box, basic_altar,
          ebering_ghost_gozag
D:9:      minmay_s_stair_smasher, layout_rooms, lemuel_coloured_pillars_altar,
          orc_david_3, the_bakery, nicolae_ru_path_of_blood, uniq_grum
D:10:     layout_rooms, david_lair_shrubbed, serial_shops,
          nicolae_shop_statue_plus, shop
D:11:     layout_basic, hex_tiny, minmay_guarded_unrand_variability, uniq_fannar
D:12:     layout_cave_pools, serial_shops, shop, nicolae_shop_statue_plus, shop,
          shop, shop, gauntlet_entry_generic, portal_ice_cave_entry_pillars_1,
          hangedman_abyss_or_decor_jellyfish_corner, minmay_beelzebubs_servants,
          uniq_frances
D:13:     layout_loops_corners, uniq_snorg
D:14:     layout_cross, david_vaults_2, hangedman_decor_growths, minivault_7
D:15:     gammafunk_enter_depths_forms, layout_long_grid, basic_altar,
          serial_shops, shop_statue, hangedman_decor_cross_pass
Temple:   regret_index_temple_generic_petals
Lair:1:   layout_cave_shapes, lemuel_fruit_fields
Lair:2:   layout_gridlike, ebering_ghost_funeral_grove
Lair:3:   layout_roguey, skrybe_swamp_entry_bodies, spider_nest_entry_web_field,
          lemuel_fruit_tree
Lair:4:   layout_cave_pods, nicolae_quartered_pool_super,
          minmay_lair_oklob_chamber
Lair:5:   layout_gridlike, beast_lair_carwin_6, serial_bayou_shore_a,
          wad_woods_river_01, infiniplex_staircase_pool
Lair:6:   due_jungle_book, layout_regular_city, slime_altar_1
Swamp:1:  layout_falls_marsh, evilmike_swamp_ruin_house_2
Swamp:2:  layout_falls_marsh, serial_swamp_ruin, evilmike_swamp_ruin_house_5,
          evilmike_swamp_ruin_rubble_1
Swamp:3:  nicolae_swamp_phyte_club, layout_basic_swamp,
          nicolae_swamp_orc_logging_accident, swamp_pool5, uniq_nikola
Swamp:4:  swamp_basic_johnstein, layout_basic_swamp, swamp_pool5
Spider:1: layout_spider_delve
Spider:2: layout_spider_delve, uniq_aizul, uniq_azrael
Spider:3: layout_spider_delve, uniq_jorgrun, uniq_arachne, uniq_louise
Spider:4: guppyfry_spider_rune
Slime:1:  layout_caves
Slime:2:  layout_caves
Slime:3:  layout_caves
Slime:4:  layout_caves, nicolae_slime_barrier,
          cheibrodos_slime_lost_civilization_7
Slime:5
Orc:1:    nicolae_orc_accident_1, layout_diamond_mine, serial_shops, shop
Orc:2:    st_orc_open, layout_diamond_mine, serial_shops, shop_coins
Elf:1:    elf_arrival_001, layout_loops_ring, trove_entry_hex_spiral,
          hangedman_elven_crosses_minicolossus
Elf:2:    layout_loops_cross, mu_enter_wizlab_3
Elf:3:    minmay_elf_hall_circle, layout_geoelf_diagonals,
          corexii_hall_statues_t, grunt_megastairs_3, uniq_donald
Vaults:1: ontoclasm_vaults_gallery, v_alt_pattern_5,
          nicolae_vaults_little_squares_5, ontoclasm_vaults_claustrophobia,
          nicolae_vaults_big_ls, hangedman_vaults_restitches, v_misc_27,
          nicolae_vaults_mini_display_case, v_misc_28, ontoclasm_vaults_tryst,
          nicolae_vaults_theta, layout_vaults_omnigrid, basic_altar
Vaults:2: hangedman_vaults_corner_blocks, nicolae_vaults_angled_halls,
          dpeg_vaults_waves, nicolae_vaults_windows_and_doors_thing,
          ontoclasm_vaults_ligature, ontoclasm_vaults_pinch,
          layout_vaults_big_room, serial_shops, nicolae_shop_window_shopping
Vaults:3: ebering_vaults_ghost_inner_flame, vaults_standard_mumra_lines,
          minmay_crypt_entry_simple_corners, nicolae_vaults_asterisk,
          vaults_room_door_ring, nicolae_vaults_arrows, vaults_standard_mumra_x,
          v_misc_23, v_misc_25, vaults_dpeg_diagonal, vaults_room_large_hall,
          nicolae_vaults_specimen_jars, nicolae_vaults_network_periphery,
          layout_vaults_maze_bifur
Vaults:4: v_alt_pattern_6, nicolae_vaults_hallways_thing,
          nicolae_vaults_gold_heap, v_alt_pattern_6, ontoclasm_vaults_shuriken,
          kb_rosetta, v_misc_27, nicolae_vaults_diagonal_hallway_7,
          hangedman_vaults_restitches, v_misc_2, v_misc_23,
          layout_vaults_omnibox, serial_shops, shop
Vaults:5: uniq_mara
Crypt:1:  layout_chaotic_city, serial_glass, glass_columns_c, glass_columns_a,
          glass_columns_a, glass_columns_c, glass_columns_b, glass_columns_c,
          uniq_saint_roka, uniq_khufu
Crypt:2:  layout_misc_corridors, minmay_misc_feat_hallway
Crypt:3:  lightli_unholy_cathedral, layout_chaotic_city,
          nicolae_tomb_entry_unfolded_pyramid_diagonal
Depths:1: layout_roguey, hangedman_abyss_or_decor_lesser_grid, abyss_entry,
          hangedman_geh_valley, minmay_misc_feat_alley, columned_hall_lemuel,
          kennysheep_small_circle, minmay_shoptagon
Depths:2: hourglass_vault, layout_gridlike, serial_sigils_hangedman_gut,
          hangedman_coc_ice_floe, rand_demon_pan_entry_1,
          minmay_gold_behind_fungi
Depths:3: minmay_containers, layout_basic, dk_noncrumbling_4,
          rand_demon_pan_entry_3, hell_entry
Depths:4: kennysheep_scales, layout_basic, abyss_entry, serial_sigils,
          serial_sigils_hangedman_stare, serial_sigils_hangedman_snap,
          pan_entry, bh_chokoban, pf_hell_entry_tar_spiral,
          infiniplex_staircase_trident, uniq_xtahua, uniq_jory
Depths:5: hangedman_slaughterboxes, serial_shops, hell_entry, uniq_frederick
Hell
Zot:1:    layout_twisted_circle
Zot:2:    layout_gridville
Zot:3:    layout_basic
Zot:4:    layout_onion_interference, grunt_megastairs_4
Pan:      evilmike_mini_pan_pillars, layout_long_grid

Skill      XL: |  1  2  3  4  5  6  7  8  9 10 11 12 13 14 15 16 17 18 19 20 21 22 23 24 25 26 27 |
---------------+----------------------------------------------------------------------------------+-----
Shields        | 4 5 6 8 10 11 12 14 15 17 18 20 21 23 24 25 27 | 27.0
Armour         | 4 5 6 7 8 9 10 11 12 13 14 15 16 17 18 19 20 21 24 27 | 27.0
Fighting       | 4 5 6 9 10 11 14 15 16 17 18 19 20 21 22 24 25 27 | 27.0
Long Blades    | 3 4 5 6 7 9 11 12 13 14 15 17 18 19 20 21 22 24 25 27 | 27.0
Dodging        | 1 2 3 4 5 6 7 8 11 19 | 19.3
Invocations    | 1 2 4 |  4.1
Evocations     | 1 2 |  2.0
Maces & Flails | 1 |  1.0
Stealth        | 1 2 3 4 5 |  5.5

Action                   |  1- 3 |  4- 6 |  7- 9 | 10-12 | 13-15 | 16-18 | 19-21 | 22-24 | 25-27 || total
-------------------------+-------+-------+-------+-------+-------+-------+-------+-------+-------++-------
Melee: Long sword        |    82 |   228 |   621 |   561 |       |       |       |       |       ||  1492
       Headbutt          |    13 |    38 |   148 |   223 |   336 |   478 |   453 |   615 |   820 ||  3124
       Scimitar          |       |       |       |   261 |   119 |       |       |       |       ||   380
       Whip              |       |       |       |     8 |       |       |       |       |       ||     8
       Demon blade       |       |       |       |       |  1208 |   855 |       |       |       ||  2063
       Double sword      |       |       |       |       |       |   626 |  1138 |  1436 |  1724 ||  4924
       Falchion          |       |       |       |       |       |       |       |       |   241 ||   241
Invok: Heroism           |       |       |     1 |    12 |       |     3 |     2 |     3 |     1 ||    22
       Finesse           |       |       |       |     1 |       |       |       |       |       ||     1
Evoke: Wand              |       |       |     3 |     8 |    17 |       |       |       |       ||    28
  Use: Scroll            |     4 |    10 |     2 |    12 |     3 |    11 |     8 |    16 |    15 ||    81
       Potion            |     2 |     2 |       |     4 |     2 |     2 |     4 |     8 |    15 ||    39
 Stab: Held in net/web   |       |       |       |       |     1 |       |       |       |       ||     1
       Confused          |       |       |       |       |       |     2 |       |       |       ||     2
       Distracted        |       |       |       |       |       |     1 |     1 |     2 |       ||     4
  Eat: Chunk             |     1 |     8 |    13 |    16 |    84 |    80 |    91 |   112 |    95 ||   500
       Ration            |       |       |     1 |     3 |     2 |     3 |     2 |     1 |     4 ||    16
Armor: Scale mail        |    46 |   117 |    11 |       |       |       |       |       |       ||   174
       Chain mail        |       |       |   193 |     3 |       |       |       |       |       ||   196
       Plate armour      |       |       |       |   309 |   459 |   697 |   191 |   448 |   659 ||  2763
Dodge: Dodged            |    28 |    85 |   142 |   197 |   228 |   487 |   153 |   398 |   644 ||  2362
Block: Shield            |    55 |   177 |   423 |   647 |  1051 |  1611 |       |       |       ||  3964
       Reflection        |       |       |       |     2 |    44 |    46 |   127 |   136 |    68 ||   423
       Large shield      |       |       |       |       |       |   290 |  1651 |  2676 |  3459 ||  8076
       Rpst.: Long sword |     9 |    21 |    57 |    29 |       |       |       |       |       ||   116
       Scimitar          |       |       |       |    17 |     2 |       |       |       |       ||    19
       Demon blade       |       |       |       |       |    43 |    42 |       |       |       ||    85
       Double sword      |       |       |       |       |       |    36 |    34 |    57 |    60 ||   187
       Falchion          |       |       |       |       |       |       |       |       |     4 ||     4

Table legend:
 A = Non-vault XP
 B = Vault XP
 C = Vault XP percentage of total XP
 D = Non-vault monster count
 E = Vault monster count
 F = Vault count percentage of total count
                 A         B        C        D         E       F
            +---------+---------+-------+---------+---------+-------
      Total | 1035541 |  778698 |  42.9 |    1942 |     924 |  32.2
            +---------+---------+-------+---------+---------+-------
        D:1 |      76 |       0 |   0.0 |      32 |       0 |   0.0
        D:2 |      48 |       0 |   0.0 |      19 |       0 |   0.0
        D:3 |      19 |     106 |  84.8 |      10 |       1 |   9.1
        D:4 |     130 |      27 |  17.2 |      18 |       6 |  25.0
        D:5 |     525 |     400 |  43.2 |      28 |       7 |  20.0
        D:6 |     604 |       0 |   0.0 |      30 |       0 |   0.0
        D:7 |    1463 |       0 |   0.0 |      35 |       0 |   0.0
        D:8 |    1314 |    1715 |  56.6 |      30 |       7 |  18.9
        D:9 |    3216 |    2752 |  46.1 |      36 |      24 |  40.0
       D:10 |    3163 |     361 |  10.2 |      21 |       1 |   4.5
       D:11 |    3941 |     576 |  12.8 |      37 |       3 |   7.5
       D:12 |    1633 |    4692 |  74.2 |      26 |       8 |  23.5
       D:13 |    9168 |    1140 |  11.1 |      58 |       1 |   1.7
       D:14 |    6347 |    2645 |  29.4 |      34 |      21 |  38.2
       D:15 |   18293 |    4194 |  18.7 |      50 |       9 |  15.3
     Temple |      43 |       0 |   0.0 |       1 |       0 |   0.0
     Lair:1 |    1281 |       0 |   0.0 |       6 |       0 |   0.0
     Lair:2 |    2789 |    2541 |  47.7 |      12 |       6 |  33.3
     Lair:3 |    8043 |     279 |   3.4 |      28 |       1 |   3.4
     Lair:4 |    6116 |     873 |  12.5 |      18 |       6 |  25.0
     Lair:5 |    9641 |    3170 |  24.7 |      43 |      10 |  18.9
     Lair:6 |   12069 |    2789 |  18.8 |      32 |       5 |  13.5
    Swamp:1 |    5587 |       0 |   0.0 |      23 |       0 |   0.0
    Swamp:2 |   16330 |       0 |   0.0 |      34 |       0 |   0.0
    Swamp:3 |   14165 |   13085 |  48.0 |      33 |       8 |  19.5
    Swamp:4 |    9763 |   20614 |  67.9 |      20 |      37 |  64.9
   Spider:1 |   12646 |     491 |   3.7 |      33 |       3 |   8.3
   Spider:2 |   29083 |    8327 |  22.3 |      83 |       9 |   9.8
   Spider:3 |    8019 |    6842 |  46.0 |      25 |       7 |  21.9
   Spider:4 |    9256 |   20299 |  68.7 |      27 |      33 |  55.0
    Slime:1 |   10085 |       0 |   0.0 |      11 |       0 |   0.0
    Slime:2 |    5147 |       0 |   0.0 |      11 |       0 |   0.0
    Slime:3 |   15578 |       0 |   0.0 |      18 |       0 |   0.0
    Slime:4 |    8688 |    1059 |  10.9 |      17 |       4 |  19.0
    Slime:5 |   14679 |   29374 |  66.7 |      26 |      11 |  29.7
      Orc:1 |    4618 |     524 |  10.2 |      36 |       4 |  10.0
      Orc:2 |    3357 |   16355 |  83.0 |      41 |      37 |  47.4
      Elf:1 |   17397 |   12733 |  42.3 |      31 |      19 |  38.0
      Elf:2 |   24783 |   24397 |  49.6 |      44 |      31 |  41.3
      Elf:3 |   18842 |   48860 |  72.2 |      29 |      36 |  55.4
   Vaults:1 |   18511 |   32362 |  63.6 |      27 |      42 |  60.9
   Vaults:2 |   38116 |   15916 |  29.5 |      57 |      23 |  28.8
   Vaults:3 |   50103 |   29126 |  36.8 |      57 |      33 |  36.7
   Vaults:4 |   87217 |  105399 |  54.7 |     116 |      83 |  41.7
   Vaults:5 |   13214 |   57677 |  81.4 |      25 |      39 |  60.9
    Crypt:1 |   26437 |   14891 |  36.0 |      36 |      17 |  32.1
    Crypt:2 |   34734 |       0 |   0.0 |      42 |       0 |   0.0
    Crypt:3 |   29804 |   41305 |  58.1 |      47 |      47 |  50.0
   Depths:1 |   29782 |     741 |   2.4 |      46 |       3 |   6.1
   Depths:2 |   19968 |   16975 |  45.9 |      31 |      15 |  32.6
   Depths:3 |   37765 |   14364 |  27.6 |      45 |       9 |  16.7
   Depths:4 |   20180 |   17794 |  46.9 |      23 |       8 |  25.8
   Depths:5 |    2619 |  142889 |  98.2 |       2 |      87 |  97.8
       Hell |   43718 |   32135 |  42.4 |      62 |      48 |  43.6
      Zot:1 |   91849 |       0 |   0.0 |      46 |       0 |   0.0
      Zot:2 |   79284 |       0 |   0.0 |      45 |       0 |   0.0
      Zot:3 |   52157 |       0 |   0.0 |      32 |       0 |   0.0
      Zot:4 |   29319 |    5061 |  14.7 |      25 |       2 |   7.4
        Pan |       0 |    8408 | 100.0 |       0 |       6 | 100.0
      Sewer |       0 |     396 | 100.0 |       0 |      48 | 100.0
    Ossuary |       0 |     399 | 100.0 |       0 |      39 | 100.0
     WizLab |   12819 |    5540 |  30.2 |      32 |       5 |  13.5
   Gauntlet |       0 |    6100 | 100.0 |       0 |      15 | 100.0
            +---------+---------+-------+---------+---------+-------
